 Dungeon Crawl Stone Soup version 0.29-a0-819-g94b489e0ae (webtiles) character file.

Game seed: 2498197336729028113

93 zujk the Ruffian (level 4, -9/44 HPs)
             Began as a Troll Fighter on July 6, 2022.
             Killed by divine providence
             ... invoked by an orc priest
              (12 damage)
             ... on level 3 of the Dungeon.
             The game lasted 00:02:36 (1684 turns).

zujk the Ruffian (Troll Fighter)                    Turns: 1684, Time: 00:02:37

Health: -9/44      AC:  4    Str: 26    XL:     4   Next: 36%
Magic:  3/3        EV:  8    Int:  4    God:
Gold:   74         SH:  7    Dex:  9    Spells: 3/3 levels left

rFire   . . .      SeeInvis .     - Unarmed
rCold   . . .      Faith    .   b - +0 kite shield
rNeg    . . .      Spirit   .   a - +0 robe
rPois   .          Reflect  .   (helmet restricted)
rElec   .          Harm     .   (no cloak)
rCorr   .          Rampage  .   (gloves unavailable)
Will    .....                   (boots unavailable)
Stlth   +.........              (no amulet)
HPRegen 0.94/turn               (no ring)
MPRegen 0.08/turn               (no ring)

@: lethally poisoned (-9 -> -10)
A: large, unfitting armour, claws 3, regeneration 1, shaggy fur 1, tough skin 1
a: no special abilities


You were on level 3 of the Dungeon.
You visited 1 branch of the dungeon, and saw 3 of its levels.

You collected 74 gold pieces.

Inventory:

Missiles
 j - 5 datura-tipped darts (quivered)
 n - 2 poisoned darts
Armour
 a - a +0 robe (worn)
 b - a +0 kite shield (worn)
Jewellery
 m - a ring of magical power
Wands
 q - a wand of flame (8)
Scrolls
 f - 3 scrolls of identify {unknown}
 h - a scroll of blinking {unknown}
 i - 2 scrolls of enchant weapon {unknown}
 k - 4 scrolls of teleportation {unknown}
 o - 2 scrolls of enchant armour {unknown}
 p - a scroll of immolation {unknown}
 s - a scroll of magic mapping {unknown}
Potions
 c - 2 potions of might
 d - a potion of lignification {unknown}
 e - a potion of magic {unknown}
 g - 3 potions of heal wounds {unknown}
 l - a potion of resistance {unknown}
 r - a potion of invisibility {unknown}
 t - a potion of berserk rage {unknown}


   Skills:
 - Level 2.4 Fighting
 - Level 2.4 Dodging
 - Level 2.6 Shields
 + Level 4.7 Unarmed Combat


You had 3 spell levels left.
You didn't know any spells.
Your spell library contained the following spells:

 Spells                   Type           Power      Damage    Failure   Level
 Magic Dart               Conj           0%         1d3       80%         1
 Call Imp                 Summ           0%         N/A       91%         2
 Mephitic Cloud           Conj/Pois/Air  0%         N/A       99%         3
 Ozocubu's Armour         Ice            0%         N/A       99%         3
 Summon Forest            Summ/Tloc      0%         N/A       100%        5
 Eringya's Noxious Bog    Tmut/Pois      0%         N/A       100%        6
 Ozocubu's Refrigeration  Ice            0%         4d5       100%        7
 Summon Hydra             Summ           0%         N/A       100%        7


Dungeon Overview and Level Annotations

Branches:
Dungeon (3/15)

Altars:
Zin

Shops:
D:3 :

Annotations:
D:3 1 transporter, raph's ghost, amateur HuNe


Innate Abilities, Weirdness & Mutations

You are too large for most types of armour.
You have claws for hands.
Your natural rate of healing is unusually fast.
You are covered in fur. (AC +1)
You have tough skin. (AC +1)


Message History

* * * LOW HITPOINT WARNING * * *
Unknown command.
The orc attacks as you move away! You block the orc's attack.
You see here a ball python corpse.
The orc attacks as you move away! The orc hits you but does no damage.
The orc attacks as you move away! The orc hits you with a +0 short sword.
You claw the orc!
You kill the orc!
You closely miss the orc. You block the orc's attack.
You claw the orc!
You kill the orc!
You closely miss the orc.
The orc hits you with a +2 whip of venom.
You are poisoned.
You scratch the orc.
The orc is almost dead.
You feel sick.
The orc hits you with a +2 whip of venom.
You are more poisoned.
You scratch the orc.
You kill the orc!
You feel very sick. The ball python barely misses you.
You claw the ball python!
You kill the ball python!
You feel sick.
The orc priest miscasts a cantrip.
You mangle the orc priest!!
You kill the orc priest!
You feel sick.
The orc priest calls down the wrath of Beogh upon you.
Beogh smites you!
* * * LOW HITPOINT WARNING * * *
You have reached level 4!
Unknown command.
Okay, then.
You feel sick.
The orc priest calls down the wrath of Beogh upon you.
Beogh smites you!
You die...

## ############### .#
#.).†o.So.....# .###
#o###########.# ...#
#S# #.# ##.##### #.#
#o# #......#
#######o# #.#
#.####.######....##.#
####o#
#....#.........#.##.#
#.....
..##.########..#@##.#
#.###.
#....#......#..#.o..#
###.#... #......#
#..###### ..#...##
#..#####. #... ###
#.###### ..........
..... ... #.#...<#
#.####.#.. .....#
..##.#.##.# #.#.<#
##.#.# #.##.#.##.#
#.#..# #.##.#..#.#
#.#.#########
#.....#.#.#


You could see an orc priest.

Vanquished Creatures
  An orc priest (D:3)
  An adder (D:2)
  3 dart slugs (D:1)
  3 orcs (D:3)
  10 ball pythons
  5 goblins
  3 hobgoblins
  8 jackals (D:1)
  A kobold (D:1)
  A quokka (D:3)
  2 bats (D:2)
  A frilled lizard (D:1)
  4 rats
43 creatures vanquished.

Notes
Turn   | Place    | Note
-------+----------+-------------------------------------------
     0 | D:1      | zujk the Troll Fighter began the quest for the Orb.
     0 | D:1      | Reached XP level 1. HP: 22/22 MP: 0/0
    61 | D:1      | Reached XP level 2. HP: 27/29 MP: 1/1
   102 | D:1      | Reached skill level 3 in Unarmed Combat
   331 | D:1      | Reached XP level 3. HP: 36/36 MP: 2/2
   821 | D:2      | Found a glowing silver altar of Zin.
   946 | D:2      | Reached skill level 4 in Unarmed Combat
  1227 | D:2      | Found a faded altar of an unknown god.
  1417 | D:3      | Found Ageifoo's Book Shoppe.
  1469 | D:3      | Found a transporter.
  1469 | D:3      | Noticed raph's ghost (amateur HuNe)
  1469 | D:3      | Noticed a necrophage
  1684 | D:3      | Reached XP level 4. HP: 4/44 MP: 3/3
  1684 | D:3      | Killed from afar by an orc priest

Illustrated notes

Levels and vault maps discovered:
D:1:      lightli_arrival_boilingwater, layout_loops_ring, serial_rivers,
          chequers_serial_rivers_small_b, chequers_serial_rivers_micro_b,
          chequers_serial_rivers_micro_d, chequers_serial_rivers_small_b
D:2:      layout_loops_ring, basic_altar, shapermc_ecumenical_altar_mp_highgroup
D:3:      layout_basic, gammafunk_ghost_mausoleum, serial_shops, shop

Skill      XL: |  1  2  3 |
---------------+----------+-----
Unarmed Combat | 3 4 |  4.7
Fighting       | |  2.4
Dodging        | |  2.4
Shields        | |  2.6

Action                   |  1- 3 |  4- 6 || total
-------------------------+-------+-------++-------
Melee: Unarmed           |    91 |       ||    91
Armor: Robe              |    18 |       ||    18
Dodge: Dodged            |    34 |       ||    34
Block: Kite shield       |    30 |       ||    30

Table legend: (Time is in decaauts)
 A = Elapsed time spent in this place.
 B = Non-inter-level travel time spent in this place.
 C = Inter-level travel time spent in this place.
 D = Time resting spent in this place.
 E = Time spent auto-exploring this place.
 F = Levels seen in this place.
 G = Mean time per level.
                   A        B        C        D        E       F      G
               +--------+--------+--------+--------+--------+-----+--------+
         Total |   1696 |   1622 |     74 |      0 |   1283 |   3 |  565.3 |
       Dungeon |   1696 |   1622 |     74 |      0 |   1283 |   3 |  565.3 |
               +--------+--------+--------+--------+--------+-----+--------+

Top non-repeatable levels by time:
     D:2: 701 daAuts
     D:1: 689 daAuts
     D:3: 304 daAuts
